[Event "Early-Titled-Tuesday-Blitz-October-03-2023"]
[Site "Chess.com"]
[Date "2023.10.03"]
[Round "3"]
[White "Artemiki"]
[Black "FoxOnTheRun97"]
[Result "1/2-1/2"]
[WhiteElo "2244"]
[BlackElo "2517"]
[TimeControl "180+1"]
[EndTime "8:30:56 PDT"]
[Termination "Game drawn - insufficient material"]

1. e4 c6 2. d4 d5 3. e5 Bf5 4. h4 h5 5. Bd3 Bxd3 6. Qxd3 e6 7. Bg5 Qa5+ 8. Nd2 Qa6 9. c4 Nd7 10. Ngf3 Be7 11. O-O Bxg5 12. Nxg5 Ne7 13. g3 Nf5 14. a4 Rd8 15. a5 dxc4 16. Qxc4 Qxc4 17. Nxc4 Ke7 18. Rfd1 Nb8 19. Ra3 Rd7 20. Ne4 Nxd4 21. Rad3 Nf5 22. Ncd6 Rhd8 23. Nc5 Nxd6 24. Nxd7 Rxd7 25.
Rxd6 Rxd6 26. Rxd6 Nd7 27. f4 Nc5 28. Rd1 a6 29. b4 Ne4 30. Kg2 g6 31. Kf3 Nc3 32. Rc1 Nd5 33. Rb1 Kd7 34. Rb2 Kc7 35. Ke4 Nc3+ 36.
Kd4 Nd5 37. Kc5 Nc3 38. Kc4 Nd5 39. Rf2 Ne3+ 40. Kc5 Nd5 41. Rf3 Ne7 42. Rf1 Nd5 43. Rg1 Nc3 44. g4 hxg4 45. Rxg4 Ne4+ 46. Kd4 Nd2 47. Rg2 Nf3+ 48. Ke4 Nxh4 49. Rh2 Nf5 50. Rh7 Ng3+ 51. Kf3 Nf5 52. Rxf7+ Kc8 53. Rf6 Kd7 54. Ke4 Ke7 55. Rxg6 Kf7 56. Rg5 Ne7 57. Rg1 Nd5 58. Rb1 Ke7 59. Kd4 Nxf4 60. Rh1 Nd5 61.
Rh7+ Kd8 62. Rxb7 Kc8 63. Rf7 Nxb4 64. Kc5 Nd3+ 65. Kd6 c5 66. Kxe6 c4 67. Rf8+ Kc7 68.
Kf6 c3 69. Rh8 Nf4 70. Rh1 Ne2 71. e6 Ng3 72. Rc1 Ne4+ 73. Kf7 Kd6 74. e7 Ng5+ 75. Kf8 Ne6+ 76. Ke8 Nc7+ 77. Kd8 Ne6+ 78. Kc8 Kxe7 79.
Rxc3 Kd6 80. Kb7 Nc5+ 81. Kb6 Na4+ 82. Kxa6 Nxc3 83. Kb7 Nb5 84. a6 Kc5 85. a7 Nxa7 1/2-1/2

[Event "Early-Titled-Tuesday-Blitz-October-03-2023"]
[Site "Chess.com"]
[Date "2023.10.03"]
[Round "3"]
[White "isaak2009"]
[Black "scarabee43"]
[Result "1/2-1/2"]
[WhiteElo "2554"]
[BlackElo "2785"]
[TimeControl "180+1"]
[EndTime "8:30:58 PDT"]
[Termination "Game drawn by repetition"]

1. d4 Nf6 2. c4 e6 3. Nc3 d5 4. cxd5 exd5 5. Bg5 Be7 6. e3 c6 7. Bd3 O-O 8. Qc2 h6 9. Bh4 Ne8 10. Bg3 Nd7 11. Nf3 a5 12. O-O Nd6 13. Ne5 Nf6 14. Rae1 Nh5 15. Be2 Nxg3 16. hxg3 Bf5 17. Bd3 Bxd3 18.
Qxd3 Re8 19. Rc1 Bf8 20. Rfe1 h5 21. Qd1 g6 22. Qd3 Bg7 23. Nf3 a4 24. Qc2 a3 25.
b3 Nf5 26. Na4 Bf8 27. Nc5 Bxc5 28. Qxc5 Re4 29. Nd2 Rg4 30. Nf3 f6 31. Nh2 Re4 32.
b4 Qe8 33. Nf3 h4 34. gxh4 Nxh4 35. Nxh4 Rxh4 36. b5 Ra5 37. Rb1 Kg7 38. Qd6 Rxb5 39. Rxb5 cxb5 40. Qxd5 Rh5 41. Qxb7+ Kh8 42. Qa6 Qd8 43.
Qxa3 Qc7 44. Qf8+ Kh7 45. Qxf6 Qh2+ 46. Kf1 Rf5 47. Qe7+ Kh6 48. Qe4 Rf6 49. Ke2 Qc7 50. Kf1 Qh2 51. Ke2 Qc7 52. Rh1+ Kg7 53. f3 Qc4+ 54.
Qd3 Qxa2+ 55. Qd2 Qa4 56. Kf2 Rc6 57. Rc1 Rc4 58. Rxc4 bxc4 59. Qc3 Qb3 60. Qa5 c3 61. Ke2 Qc2+ 62. Ke1 Qd2+ 63. Kf1 Qd3+ 64. Kf2 c2 65. Qc7+ Kf6 66. Qe5+ Kf7 67. Qc7+ Kg8 68. Qc8+ Kg7 69. Qc7+ Kh6 70. Qf4+ g5 71. Qh2+ Kg7 72.
Qe5+ Kf7 73. Qd5+ Ke7 74. Qxg5+ Kd7 75. Qd5+ Kc7 76. Qc5+ Kb7 77. Qb4+ Ka6 78. Qa4+ Kb6 79. Qb4+ Qb5 80. Qd6+ Qc6 81. Qb4+ Kc7 82. Qe7+ Kc8 83. Qf8+ Kb7 84. Qb4+ Qb6 85. Qe7+ Qc7 86. Qb4+ Kc8 87.
Qf8+ Qd8 88. Qc5+ Qc7 89. Qf8+ Kb7 90. Qb4+ Ka8 91. Qa3+ Kb8 92. Qb4+ Kc8 93. Qf8+ 1/2-1/2

[Event "Early-Titled-Tuesday-Blitz-October-03-2023"]
[Site "Chess.com"]
[Date "2023.10.03"]
[Round "3"]
[White "bocah_sakit"]
[Black "Grischuk"]
[Result "1-0"]
[WhiteElo "2730"]
[BlackElo "2996"]
[TimeControl "180+1"]
[EndTime "8:31:03 PDT"]
[Termination "bocah_sakit won by resignation"]

1. e4 c5 2. Nf3 d6 3. d4 cxd4 4. Nxd4 Nf6 5. Nc3 a6 6. Bg5 Nbd7 7. f4 Qc7 8. Qf3 h6 9. Bxf6 Nxf6 10. f5 g5 11. fxg6 fxg6 12. O-O-O Bg7 13. Qg3 g5 14. h4 g4 15. Bd3 Nh5 16. Qe3 Qc5 17. e5 O-O 18.
Qe4 Rf4 19. Qh7+ Kf8 20. Nde2 Rf2 21. Rhf1 g3 22. Kb1 Qxe5 23. Nxg3 Rxf1 24. Rxf1+ Nf6 25. Nge4 Be6 26. Nxf6 exf6 27. Ne2 Bg8 28. Qg6 Bf7 29. Qg4 Re8 30. c3 Qd5 31. Nc1 b5 32. Rf5 Qe6 33. Qf3 Qe1 34. Qf4 Qe3 35. Qxd6+ Kg8 36. Rf3 Qe1 37.
Qg3 Kh8 38. Qxe1 Rxe1 39. Kc2 h5 40. Kd2 Rh1 41. Ne2 Bh6+ 42. Kc2 Kg7 43. Nd4 Bg6 44.
Ne6+ Kh7 45. Bxg6+ Kxg6 46. g3 Rh2+ 47. Kb3 Bc1 48. Nf4+ Kf7 49. Nd3 Bd2 50. a4 bxa4+ 51. Kxa4 Rg2 52. Kb3 Ke6 53. c4 f5 54. Ka4 Kf6 55. b4 Re2 56. c5 Re4 57. Kb3 Ke6 58. Kc2 Be3 59. Kc3 Bd4+ 60. Kb3 Be3 61. Nf4+ Bxf4 62.
gxf4 Kd5 63. Rc3 Kc6 64. Rc4 Re3+ 65. Ka4 Rh3 66. Rd4 Rxh4 67. Rd6+ Kb7 68. Ka5 Rxf4 69. Rd7+ Kc8 70. Rd6 Kb7 71. Rb6+ Kc7 72. Rxa6 h4 73.
Rh6 Rc4 74. Kb5 Rc1 75. Rh7+ Kd8 76. Kb6 f4 77. Rxh4 f3 78. Rf4 Rc3 79. c6 Ke7 80. b5 Kd6 81. Kb7 Rc5 82. Kb6 Rc3 83. Kb7 Rc5 84.
b6 1-0

[Event "Early-Titled-Tuesday-Blitz-October-03-2023"]
[Site "Chess.com"]
[Date "2023.10.03"]
[Round "3"]
[White "AlmasRakhmatullaev"]
[Black "LeoLV10"]
[Result "1/2-1/2"]
[WhiteElo "2792"]
[BlackElo "2577"]
[TimeControl "180+1"]
[EndTime "8:31:06 PDT"]
[Termination "Game drawn by 50-move rule"]

1. e4 c6 2. d4 d5 3. e5 c5 4. dxc5 e6 5. Nf3 Bxc5 6. Bd3 Ne7 7. O-O Nd7 8. Nbd2 Ng6 9. Nb3 Bb6 10. Qe2 a6 11. c4 dxc4 12. Bxc4 O-O 13. Re1 Bc7 14. Bg5 Qe8 15. Rad1 Ndxe5 16. Nxe5 Bxe5 17. Rd8 Qc6 18. Rxf8+ Kxf8 19. Bd3 Bd6 20. Rc1 Qd7 21. Be4 Nf4 22.
Qf3 e5 23. Bxf4 exf4 24. Rd1 Qe7 25. h3 Rb8 26. Nd4 h6 27. Bf5 Be5 28. Bxc8 Rxc8 29. Nf5 Qf6 30. Qg4 Re8 31. b3 Qg6 32. Rd7 h5 33.
Qxg6 fxg6 34. Nh4 Re6 35. Rxb7 Bd6 36. Nf3 Re2 37. Nh4 Re1+ 38. Kh2 f3+ 39. g3 Rf1 40.
Nxg6+ Kg8 41. Ne7+ Bxe7 42. Rxe7 Rxf2+ 43. Kg1 Rxa2 44.
Re3 f2+ 45. Kf1 g5 46. Re5 Kh7 47. Rxg5 Kh6 48. h4 Rb2 49. Ra5 Kg7 50. Rxa6 Kh7 51. Rf6 Kg7 52. Rf3 Kg6 53. Rxf2 Rxb3 54. Kg2 Rb4 55. Rf4 Rb3 56. Kh3 Rc3 57. Rd4 Re3 58.
Rd6+ Kg7 59. Rd5 Kg6 60. Rg5+ Kh6 61. Kg2 Ra3 62. Kf2 Ra2+ 63. Kf3 Ra3+ 64. Kf4 Ra4+ 65.
Kf5 Ra5+ 66. Kf6 Ra6+ 67. Kf7 Ra7+ 68. Kg8 Ra8+ 69. Kf7 Ra7+ 70. Kf6 Ra6+ 71. Ke5 Ra5+ 72. Kf4 Ra4+ 73. Kf3 Ra3+ 74. Kg2 Ra2+ 75. Kh3 Ra3 76. Rf5 Kg6 77. Rf4 Re3 78. Kg2 Ra3 79. Rf2 Rb3 80. Re2 Kf5 81. Kf2 Kg6 82. Re6+ Kg7 83. Re3 Rb2+ 84.
Kf3 Rb4 85. Re4 Rb3+ 86. Kf4 Kg6 87. Re6+ Kf7 88. Re5 Kg6 89. Re3 Rb4+ 90. Re4 Rb6 91. Rd4 Rf6+ 92. Ke5 Rf5+ 93. Ke4 Rf6 94. Rd5 Re6+ 95.
Re5 Rd6 96. Rg5+ Kh6 97. Rc5 Re6+ 98. Kf5 Rg6 99. Rc3 Ra6 100. Re3 Ra5+ 101. Re5 Ra3 102. Re6+ Kg7 103. Rg6+ Kh7 1/2-1/2

[Event "Early-Titled-Tuesday-Blitz-October-03-2023"]
[Site "Chess.com"]
[Date "2023.10.03"]
[Round "3"]
[White "djano"]
[Black "K_A_S_T_O_R"]
[Result "1/2-1/2"]
[WhiteElo "2665"]
[BlackElo "2900"]
[TimeControl "180+1"]
[EndTime "8:31:24 PDT"]
[Termination "Game drawn - insufficient material"]

1. d4 Nf6 2. Bf4 b6 3. Nc3 Bb7 4. f3 d6 5. e4 Nbd7 6. e5 Nh5 7. Qd2 Nxf4 8. Qxf4 e6 9. O-O-O Be7 10. Kb1 O-O 11.
Bd3 d5 12. Nce2 c5 13. c3 cxd4 14. Nxd4 Qc7 15. Re1 Bf6 16. Nh3 Nxe5 17. Bc2 Rac8 18. Ng5 Ng6 19. Qg4 Qf4 20. Bxg6 Qxg5 21. Qxg5 Bxg5 22.
Bc2 Bf6 23. Nb5 Ra8 24. Rd1 Rfd8 25. Rhe1 a6 26. Nd4 Rac8 27. f4 b5 28. a3 g6 29. g3 Kg7 30. Nf3 Rc7 31. Ne5 Bxe5 32. Rxe5 a5 33. Rd4 Rb8 34. Bd3 Bc6 35. g4 Kf6 36. Re3 Rcb7 37. b4 Ra7 38. Kb2 Rba8 39. Bb1 Ke7 40. f5 Kd6 41. fxe6 fxe6 42. Rf4 Re8 43. Rf6 Rae7 44. bxa5 Ra8 45. h4 Rxa5 46. h5 gxh5 47. gxh5 Raa7 48. h6 Rad7 49. Bxh7 d4 50. cxd4 Bd5 51. Bb1 Rd8 52. h7 Rh8 53. Rh6 Rg7 54. Re2 Ke7 55. Ba2 Kf7 56. Bxd5 exd5 57. Rf2+ Ke7 58. Re2+ Kd7 59. Re5 Rhxh7 60. Rxd5+ Kc7 61.
Rxh7 Rxh7 62. Rxb5 Kc6 63. Rc5+ Kd6 64. Kb3 Rb7+ 65.
Kc3 Rb1 66. a4 Ra1 67. Kb3 Rb1+ 68. Kc4 Rb2 69. a5 Ra2 70. Rb5 Ra4+ 71. Kc3 Kc6 72. Rc5+ Kb7 73. Kd3 Ra1 74. Ke4 Rh1 75. Kd5 Rh5+ 76.
Kc4 Rh6 77. Re5 Ka6 78. Kd3 Rh3+ 79. Ke4 Rh4+ 80. Kd3 Rh8 81. Rc5 Kb7 82. d5 Rh4 83.
d6 Rh1 84. Ke4 Rd1 85. Ke5 Re1+ 86. Kd5 Rd1+ 87. Ke6 Re1+ 88. Kd7 Rh1 89. Rb5+ Ka6 90. Rc5 Kb7 91. Rb5+ Ka6 92. Re5 Kb7 93. Ke6 Kc6 94. Rf5 Rh6+ 95. Ke7 Rxd6 96. a6 Rd7+ 97. Ke6 Ra7 98. Ra5 Kb6 99. Ra1 Rxa6 100. Rxa6+ Kxa6 1/2-1/2

[Event "Early-Titled-Tuesday-Blitz-October-03-2023"]
[Site "Chess.com"]
[Date "2023.10.03"]
[Round "3"]
[White "AlexandraSamaganova"]
[Black "maracayo"]
[Result "1/2-1/2"]
[WhiteElo "2215"]
[BlackElo "2388"]
[TimeControl "180+1"]
[EndTime "8:32:11 PDT"]
[Termination "Game drawn - insufficient material"]

1. c4 d6 2. Nc3 e5 3. g3 Nf6 4. Bg2 Be7 5. Nf3 O-O 6. O-O Nbd7 7. d3 h6 8. Ne1 c6 9. Nc2 Re8 10. Rb1 Bf8 11. b4 Nb6 12. b5 d5 13. bxc6 bxc6 14. cxd5 cxd5 15. Ba3 Bxa3 16. Nxa3 Be6 17. Na4 Rb8 18. Nc5 Qd6 19. Nxe6 Qxa3 20. Nc7 Rec8 21. Nb5 Qa5 22. Nd6 Rc7 23. Nf5 Qxa2 24. Ra1 Qb2 25. h3 Kh7 26. Ra6 g6 27. Ne3 Kg7 28. Bf3 e4 29. dxe4 dxe4 30. Bg2 Qe5 31. Qa1 Qxa1 32.
Rfxa1 Rbb7 33. g4 Re7 34. h4 Rbd7 35. g5 hxg5 36. hxg5 Nfd5 37. Ng4 e3 38. fxe3 Nxe3 39. Nxe3 Rxe3 40. Rxa7 Rxa7 41. Rxa7 Rxe2 42. Rb7 Re6 43. Bh3 Rd6 44. Kf2 Nd7 45. Kg3 Nc5 46. Rc7 Rd3+ 47. Kh2 Ne4 48. Bg2 Nxg5 49. Rc5 Kh6 50. Bb7 f5 51.
Rc8 Kh5 52. Rh8+ Kg4 53. Ra8 Rd2+ 54. Kg1 Nh3+ 55. Kf1 Rf2+ 56. Ke1 Rf4 57. Rh8 g5 58. Rg8 Nf2 59. Rg7 Ne4 60. Ke2 Rf2+ 61. Ke3 Rf3+ 62. Ke2 Ng3+ 63. Kd2 Rf2+ 64. Ke3 Re2+ 65. Kd4 Re1 66.
Rg8 f4 67. Bc8+ Kf3 68. Bb7+ Kf2 69. Rxg5 Rd1+ 70. Ke5 Ne2 71. Rf5 f3 72. Rxf3+ Kg1 73. Rf8 Re1 74. Kd6 Ng3 75. Rg8 Kh2 76. Kc7 Rd1 77.
Rh8+ Kg1 78. Rg8 Kf2 79. Rf8+ Ke3 80. Rf3+ Kd4 81. Rxg3 Kc5 82. Rg5+ Kb4 83. Bc6 Kc3 84.
Rg4 Kb2 85. Rg5 Rd2 86. Rb5+ Kc1 87. Rc5+ Rc2 88. Rb5 Kd2 89. Rg5 Rc3 90. Rg2+ Kc1 91. Rg1+ Kb2 92. Kb6 Rc2 93. Bb5 Rc1 94. Rg2+ Rc2 95.
Rg3 Rc3 96. Rg4 Rc2 97. Ka5 Rd2 98. Kb4 Rf2 99. Bc4 Rd2 100. Rg8 Rh2 101. Ra8 Rd2 102. Ra2+ Kc1 103. Ra1+ Kb2 104. Ra8 Rd7 105. Rb8 Rc7 106.
Bb3 Kc1 107. Ba4 Kd2 108. Rd8+ Ke3 109. Rd6 Rb7+ 110. Kc5 Ra7 111. Bb5 Rc7+ 112. Rc6 Rxc6+ 113. Kxc6 1/2-1/2

[Event "Early-Titled-Tuesday-Blitz-October-03-2023"]
[Site "Chess.com"]
[Date "2023.10.03"]
[Round "4"]
[White "Al_Shima"]
[Black "a-z30"]
[Result "0-1"]
[WhiteElo "2342"]
[BlackElo "2512"]
[TimeControl "180+1"]
[EndTime "8:34:16 PDT"]
[Termination "a-z30 won by resignation"]

1. b3 d5 2. Bb2 Nf6 3. e3 e6 4. f4 Be7 5. Nf3 c5 6. Bd3 Nc6 7. O-O Qc7 8. Ne5 b6 9. a3 Bb7 10. c4 d4 11. Nxc6 Qxc6 12. Qe2 dxe3 13. dxe3 O-O-O 14. Nc3 Rxd3 0-1

[Event "Early-Titled-Tuesday-Blitz-October-03-2023"]
[Site "Chess.com"]
[Date "2023.10.03"]
[Round "4"]
[White "sergoy"]
[Black "Freefresh"]
[Result "1-0"]
[WhiteElo "3032"]
[BlackElo "2792"]
[TimeControl "180+1"]
[EndTime "8:34:19 PDT"]
[Termination "sergoy won by resignation"]

1. d4 Nf6 2. c4 e6 3. Nf3 Bb4+ 4. Nbd2 d5 5. Qa4+ Nc6 6. e3 O-O 7. a3 Bd6 8. b4 dxc4 9. Nxc4 a6 10. Qc2 Re8 11.
Bb2 Bf8 12. Bd3 b5 13. Nce5 Ne7 14. Ng5 h6 15. Bh7+ 1-0

[Event "Early-Titled-Tuesday-Blitz-October-03-2023"]
[Site "Chess.com"]
[Date "2023.10.03"]
[Round "4"]
[White "JulbeNn"]
[Black "Zampronha1971"]
[Result "1-0"]
[WhiteElo "2497"]
[BlackElo "2303"]
[TimeControl "180+1"]
[EndTime "8:34:23 PDT"]
[Termination "JulbeNn won by resignation"]

1. e4 c5 2. Nc3 e6 3. Bc4 a6 4. a4 Nf6 5. d3 d5 6. Bb3 dxe4 7. Nxe4 Nxe4 8. dxe4 Qxd1+ 9. Kxd1 Be7 10. f3 O-O 11. Be3 Nd7 12. Ne2 Rb8 13. a5 Bf6 14. c3 Rd8 15. Kc2 Be7 16. Rhd1 b5 17. axb6 Nxb6 18.
Rxd8+ Bxd8 19. Bxc5 Nd7 20. Bd4 Bc7 21. g3 h6 22. Nc1 Bb7 23. Bc4 Ra8 24. b4 f5 25.
Bxe6+ 1-0

[Event "Early-Titled-Tuesday-Blitz-October-03-2023"]
[Site "Chess.com"]
[Date "2023.10.03"]
[Round "4"]
[White "vladislavkovalev"]
[Black "lefonghua"]
[Result "1-0"]
[WhiteElo "2858"]
[BlackElo "2584"]
[TimeControl "180+1"]
[EndTime "8:34:42 PDT"]
[Termination "vladislavkovalev won by resignation"]

1. e4 c5 2. Nf3 g6 3. c3 Nc6 4.
d4 d5 5. exd5 Qxd5 6. dxc5 Qxc5 7. Be3 Qa5 8. Na3 Bg4 9. Qb3 Qc7 10. Nb5 Qc8 11. Bf4 1-0

[Event "Early-Titled-Tuesday-Blitz-October-03-2023"]
[Site "Chess.com"]
[Date "2023.10.03"]
[Round "4"]
[White "scarabee43"]
[Black "Likvidator228"]
[Result "1-0"]
[WhiteElo "2789"]
[BlackElo "2564"]
[TimeControl "180+1"]
[EndTime "8:34:44 PDT"]
[Termination "scarabee43 won by checkmate"]

1. d4 d5 2. c4 e6 3. Nc3 c6 4. e3 Nf6 5. Nf3 Nbd7 6. Bd3 Bd6 7. O-O O-O 8. e4 dxe4 9. Nxe4 Nxe4 10. Bxe4 Nf6 11.
Bc2 b6 12. Qd3 Bb7 13. Bg5 g6 14. Rad1 Re8 15. Rfe1 Bf8 16. Ne5 Bg7 17. Qf3 h5 18.
g4 Rb8 19. gxh5 c5 20. d5 gxh5 21. Qd3 exd5 22. Bxf6 Qxf6 23. Qh7+ Kf8 24. Nd7# 1-0

[Event "Early-Titled-Tuesday-Blitz-October-03-2023"]
[Site "Chess.com"]
[Date "2023.10.03"]
[Round "4"]
[White "Witty_Alien"]
[Black "A-Fier"]
[Result "1-0"]
[WhiteElo "2240"]
[BlackElo "2742"]
[TimeControl "180+1"]
[EndTime "8:34:51 PDT"]
[Termination "Witty_Alien won by resignation"]

1. e4 e5 2. Nf3 d6 3. d4 exd4 4. c3 Nf6 5. Bd3 dxc3 6. O-O Be7 7. Nxc3 O-O 8. b3 Nc6 9. Bb2 Bg4 10. h3 Bxf3 11. Qxf3 Ne5 12. Qg3 Nxd3 13. Qxd3 Nd7 14.
Nd5 Bf6 15. Nxf6+ Nxf6 16. Qg3 Re8 17. Rae1 Re6 18. f4 Ne8 19. f5 Re7 20. Bxg7 1-0

[Event "Early-Titled-Tuesday-Blitz-October-03-2023"]
[Site "Chess.com"]
[Date "2023.10.03"]
[Round "4"]
[White "tylityli"]
[Black "CarlosjPineror"]
[Result "1/2-1/2"]
[WhiteElo "2340"]
[BlackElo "2499"]
[TimeControl "180+1"]
[EndTime "8:34:58 PDT"]
[Termination "Game drawn by repetition"]

1. d4 Nf6 2. c4 g6 3. Nc3 Bg7 4. e4 O-O 5. Nge2 c5 6. d5 d6 7. Ng3 e6 8. Be2 exd5 9. cxd5 Na6 10. O-O Re8 11. a3 Nc7 12. a4 Na6 13. Bg5 Nb4 14.
Qd2 a5 15. Bh6 Bg4 16. Bxg7 Kxg7 17. f3 Bd7 18. Bb5 h6 19. Rae1 Bxb5 20. Nxb5 Qd7 21.
Qc3 Na2 22. Qb3 Nb4 23. Qc3 Na2 24. Qb3 Nb4 25. Qc3 1/2-1/2

[Event "Early-Titled-Tuesday-Blitz-October-03-2023"]
[Site "Chess.com"]
[Date "2023.10.03"]
[Round "4"]
[White "dodoucb"]
[Black "dadice10"]
[Result "1-0"]
[WhiteElo "2444"]
[BlackElo "2163"]
[TimeControl "180+1"]
[EndTime "8:35:03 PDT"]
[Termination "dodoucb won by resignation"]

1. d4 d5 2. c4 dxc4 3. Nf3 Nf6 4. Nc3 c6 5. a4 g6 6. e4 Bg7 7. Bxc4 O-O 8. O-O Bg4 9. Be3 Nbd7 10. h3 Bxf3 11. Qxf3 e5 12. Rad1 Qe7 13. d5 Nb6 14. d6 Qd7 15. Bb3 Rad8 16. Bg5 1-0

[Event "Early-Titled-Tuesday-Blitz-October-03-2023"]
[Site "Chess.com"]
[Date "2023.10.03"]
[Round "4"]
[White "ezkybel"]
[Black "InitiatingASC"]
[Result "0-1"]
[WhiteElo "2456"]
[BlackElo "2346"]
[TimeControl "180+1"]
[EndTime "8:35:09 PDT"]
[Termination "InitiatingASC won by resignation"]

1. e4 c5 2. Nf3 Nc6 3. d4 cxd4 4. Nxd4 Nf6 5. Nc3 e5 6. Ndb5 h6 7. Nd5 Nxd5 8. exd5 a6 9. Nc3 Nd4 10. Be3 Nf5 11. Bd3 Nxe3 12. fxe3 d6 13. Qf3 Qh4+ 14. g3 Qg4 15. Qf2 Be7 16. Be2 Qb4 17. O-O-O O-O 18. a3 Qc5 19. Ne4 Qb6 20. g4 f5 21.
gxf5 Bxf5 22. Qg2 Qxe3+ 23. Nd2 Rac8 0-1

[Event "Early-Titled-Tuesday-Blitz-October-03-2023"]
[Site "Chess.com"]
[Date "2023.10.03"]
[Round "4"]
[White "BlueWizzard"]
[Black "Brave_spirit12"]
[Result "1-0"]
[WhiteElo "2961"]
[BlackElo "2758"]
[TimeControl "180+1"]
[EndTime "8:35:11 PDT"]
[Termination "BlueWizzard won by resignation"]

1. d4 Nf6 2. Nc3 e6 3. Bg5 d5 4. Nf3 Be7 5. Bxf6 Bxf6 6. e4 dxe4 7. Nxe4 O-O 8. Qd3 b6 9. Nxf6+ Qxf6 10. Qe4 c6 11.
Bd3 g6 12. h4 Ba6 13. O-O-O Bxd3 14. Rxd3 Na6 15. Ne5 Qxf2 16. Ng4 Nc5 17. dxc5 Qxc5 18. Nf6+ Kg7 19. Nd7 1-0

[Event "Early-Titled-Tuesday-Blitz-October-03-2023"]
[Site "Chess.com"]
[Date "2023.10.03"]
[Round "4"]
[White "bazar-wokzal"]
[Black "Roedor"]
[Result "1-0"]
[WhiteElo "2632"]
[BlackElo "2391"]
[TimeControl "180+1"]
[EndTime "8:35:16 PDT"]
[Termination "bazar-wokzal won by resignation"]

1. e4 e5 2. Bc4 Nc6 3. f4 Nf6 4. Nc3 Nxe4 5. Nf3 Nd6 6. Bb3 exf4 7. O-O Be7 8. d4 O-O 9. Bxf4 Bf6 10. Nd5 Ne8 11. c3 d6 12. Qd2 Ne7 13. Nxf6+ Nxf6 14. Bg5 Ng6 15. Rae1 h6 16. Bxh6 gxh6 17. Qxh6 d5 18.
Ng5 1-0

[Event "Early-Titled-Tuesday-Blitz-October-03-2023"]
[Site "Chess.com"]
[Date "2023.10.03"]
[Round "4"]
[White "jk13"]
[Black "wild3000"]
[Result "1-0"]
[WhiteElo "2624"]
[BlackElo "2410"]
[TimeControl "180+1"]
[EndTime "8:35:39 PDT"]
[Termination "jk13 won by resignation"]

1. e4 c5 2. c3 e6 3. d4 d5 4. exd5 Qxd5 5. Nf3 Nf6 6. Na3 a6 7. Be3 cxd4 8. Nxd4 Bxa3 9. Qa4+ Bd7 10. Qxa3 e5 11. Nf3 Nc6 12. Rd1 Qe6 13. Ng5 Qf5 14. Bc4 Ng4 15. Bxf7+ Kd8 16. Be6 Nxe3 17. Rxd7+ Ke8 18.
Bxf5 Nxf5 19. Rxb7 1-0

[Event "Early-Titled-Tuesday-Blitz-October-03-2023"]
[Site "Chess.com"]
[Date "2023.10.03"]
[Round "4"]
[White "Biregina"]
[Black "KVAIDAN"]
[Result "1-0"]
[WhiteElo "2467"]
[BlackElo "2255"]
[TimeControl "180+1"]
[EndTime "8:36:04 PDT"]
[Termination "Biregina won by checkmate"]

1. b3 e6 2. Bb2 f5 3. Nf3 Nf6 4. g3 Be7 5. Bg2 d6 6. O-O O-O 7. d4 a5 8. Nc3 Nc6 9. d5 Ne5 10. Nxe5 dxe5 11. dxe6 c6 12. Qxd8 Rxd8 13. Na4 e4 14.
Nb6 Ra6 15. Nxc8 Rxc8 16. Rfd1 Nd5 17. c4 Nb4 18. a3 Nc2 19. Rac1 Nxa3 20. Rd7 Bc5 21.
Rxg7+ Kf8 22. Rf7+ Ke8 23. Rxf5 Bb4 24. Rd1 a4 25.
Rd7 axb3 26. Bxe4 c5 27. Bd5 b5 28. Bg7 Rxe6 29. Bxe6 Rc6 30. Rf8# 1-0

[Event "Early-Titled-Tuesday-Blitz-October-03-2023"]
[Site "Chess.com"]
[Date "2023.10.03"]
[Round "4"]
[White "wannabe2700"]
[Black "JimDiGrease"]
[Result "0-1"]
[WhiteElo "2681"]
[BlackElo "2916"]
[TimeControl "180+1"]
[EndTime "8:36:23 PDT"]
[Termination "JimDiGrease won by resignation"]

1. b3 d5 2. Bb2 Nf6 3. Nf3 c5 4. g3 e6 5. Bg2 Be7 6. O-O O-O 7. d4 cxd4 8. Nxd4 e5 9. Nf3 e4 10. Nd4 Nc6 11. c4 Nxd4 12. Qxd4 dxc4 13. Qxc4 Be6 14. Qb5 a6 15. Qg5 h6 16. Qf4 Rc8 17. Nc3 Bd6 18. Qh4 Be5 19. Rfd1 Qa5 20. Rac1 Bxc3 0-1

[Event "Early-Titled-Tuesday-Blitz-October-03-2023"]
[Site "Chess.com"]
[Date "2023.10.03"]
[Round "4"]
[White "maracayo"]
[Black "cycygogne"]
[Result "1-0"]
[WhiteElo "2395"]
[BlackElo "2223"]
[TimeControl "180+1"]
[EndTime "8:36:26 PDT"]
[Termination "maracayo won by resignation"]

1. e4 d5 2. d3 d4 3. f4 Nc6 4. Nf3 Bg4 5. g3 Bxf3 6. Qxf3 e5 7. Bh3 f6 8. Nd2 Bc5 9. a3 a5 10. Qh5+ g6 11. Qe2 Nge7 12. Nf3 Qd6 13. fxe5 Nxe5 14.
Nxe5 fxe5 15. Bh6 Qb6 16. O-O Rg8 17. b4 Bd6 18. Be6 axb4 19. Qf3 1-0

[Event "Early-Titled-Tuesday-Blitz-October-03-2023"]
[Site "Chess.com"]
[Date "2023.10.03"]
[Round "4"]
[White "milovichalex"]
[Black "MidnightFox"]
[Result "1-0"]
[WhiteElo "2316"]
[BlackElo "2465"]
[TimeControl "180+1"]
[EndTime "8:36:35 PDT"]
[Termination "milovichalex won by resignation"]

1. e4 c5 2. Nf3 d6 3. d4 cxd4 4. Nxd4 Nf6 5. Nc3 a6 6. h3 e6 7. g4 h6 8. Rg1 Bd7 9. h4 Nc6 10.
g5 hxg5 11. hxg5 Nh5 12. g6 Qf6 13. gxf7+ Qxf7 14. Be3 O-O-O 15. Qd2 Kb8 16. O-O-O Rc8 17. Nxc6+ Bxc6 18. Qd4 Be7 19. Bxa6 Bf6 20. Qa7+ Kc7 21. Nb5+ Kd8 22. Nxd6 Qd7 23. Nxb7+ 1-0

[Event "Early-Titled-Tuesday-Blitz-October-03-2023"]
[Site "Chess.com"]
[Date "2023.10.03"]
[Round "4"]
[White "Leonid_Starozhilov"]
[Black "Lady_Nika"]
[Result "1-0"]
[WhiteElo "2751"]
[BlackElo "2534"]
[TimeControl "180+1"]
[EndTime "8:36:36 PDT"]
[Termination "Leonid_Starozhilov won by resignation"]

1. e4 e6 2. d3 d5 3. Nd2 Nf6 4.
g3 c5 5. Bg2 Nc6 6. Ngf3 Be7 7.
O-O d4 8. a4 e5 9. Nc4 Nd7 10.
h3 f6 11. Nh2 Qc7 12. f4 b6 13. b3 Ba6 14. h4 Bxc4 15. bxc4 a5 16. Bh3 O-O-O 17. fxe5 Nxe5 18. Bf4 Kb7 19. Nf3 Bd6 20. Bxd7 Rxd7 21. Nxe5 Bxe5 22. Rb1 g5 23. hxg5 fxg5 24. Bxe5 Qxe5 25. Qg4 Rg7 26. Rf5 Qe7 27. Qf3 g4 28.
Qf4 h5 29. Rf6 Qc7 30. Rbxb6+ Qxb6 31. Rxb6+ Kxb6 32. Qf6+ 1-0

[Event "Early-Titled-Tuesday-Blitz-October-03-2023"]
[Site "Chess.com"]
[Date "2023.10.03"]
[Round "4"]
[White "lluiss"]
[Black "RETURNOFTHELAGGER"]
[Result "0-1"]
[WhiteElo "2214"]
[BlackElo "2650"]
[TimeControl "180+1"]
[EndTime "8:36:42 PDT"]
[Termination "RETURNOFTHELAGGER won by resignation"]

1. e4 c5 2. Nf3 d6 3. d4 cxd4 4. Nxd4 Nf6 5. Nc3 a6 6. Bg5 Nbd7 7. f4 Qc7 8. Qf3 h6 9. Bxf6 Nxf6 10. O-O-O Bg4 11.
Nd5 Nxd5 12. Qxg4 Ne3 13. Qh5 Nxd1 14. Ne6 Qc8 15. Nxf8 Ne3 16. Qe2 Nxf1 0-1

[Event "Early-Titled-Tuesday-Blitz-October-03-2023"]
[Site "Chess.com"]
[Date "2023.10.03"]
[Round "4"]
[White "stratacticos"]
[Black "Good_Knight_Kiss"]
[Result "0-1"]
[WhiteElo "1758"]
[BlackElo "2411"]
[TimeControl "180+1"]
[EndTime "8:36:55 PDT"]
[Termination "Good_Knight_Kiss won by resignation"]

1. e4 c5 2. b4 cxb4 3. a3 d5 4.
exd5 Qxd5 5. Nf3 e5 6. c4 Qe6 7. axb4 Bxb4 8. Be2 Nf6 9. O-O Nc6 10. d4 exd4 11.
Bd3 O-O 12. Bd2 Qg4 13. h3 Qh5 14. Bxb4 Nxb4 15. Be4 Nxe4 16. Qxd4 Nf6 17. Nc3 Nc2 0-1

[Event "Early-Titled-Tuesday-Blitz-October-03-2023"]
[Site "Chess.com"]
[Date "2023.10.03"]
[Round "4"]
[White "amylazy"]
[Black "microbear"]
[Result "1-0"]
[WhiteElo "2375"]
[BlackElo "2191"]
[TimeControl "180+1"]
[EndTime "8:37:05 PDT"]
[Termination "amylazy won by resignation"]

1. d4 c5 2. d5 Nf6 3. Nc3 g6 4. e4 d6 5. Bb5+ Bd7 6. a4 Bg7 7. Nf3 a6 8. Be2 O-O 9. O-O e6 10. dxe6 Bxe6 11. Ng5 Nc6 12. Nxe6 fxe6 13. Bc4 Qe7 14.
Be3 Kh8 15. Qd2 Nd4 16. Bxd4 cxd4 17. Qxd4 Nd5 18. Nxd5 exd5 19. Qxd5 Rac8 20. c3 Be5 21. h3 Qg5 22. Rad1 Qf4 23. g3 Qh6 24. Kg2 Qh5 25. f4 Rc5 26. Qxb7 Rxc4 27. g4 Qh4 28. fxe5 Qh6 29.
Rxf8+ Qxf8 30. Rf1 1-0